 Dungeon Crawl Stone Soup version 0.27.1 (webtiles) character file.

Game seed: 6217788360609106948

84 Rrauwl the Grave Robber (level 4, -4/36 HPs)
             Began as a Deep Elf Necromancer on Aug 24, 2021.
             Slain by a sky beast (6 damage)
             ... on level 3 of the Dungeon.
             The game lasted 00:18:38 (2968 turns).

Rrauwl the Grave Robber (Deep Elf Necromancer)      Turns: 2968, Time: 00:18:39

Health: -4/36      AC: 22    Str:  3 (6)  XL:     4   Next: 23%
Magic:  11/12      EV:  2    Int: 17 (20) God:
Gold:   65         SH:  0    Dex: 15      Spells: 11/12 levels left

rFire    . . .     SeeInvis .   d - +0 whip (venom)
rCold    . . .     Faith    .   (no shield)
rNeg     + + +     Spirit   .   (armour currently unavailable)
rPois    +         Reflect  .   (helmet currently unavailable)
rElec    .         Harm     .   (cloak currently unavailable)
rCorr    .         Rampage  .   (gloves currently unavailable)
Will     .....     NoTele   +   (boots currently unavailable)
Stlth    ++........             (no amulet)
HPRegen  0.12/turn              (no ring)
MPRegen  0.13/turn              (no ring)

@: tree-form
A: stationary, stasis, torment immunity, boosted hp
a: no special abilities


You were on level 3 of the Dungeon.
You were a tree.
You visited 1 branch of the dungeon, and saw 3 of its levels.

You collected 65 gold pieces.

Inventory:

Hand Weapons
 c - a +0 dagger
 d - a +0 whip of venom (weapon)
 e - a +0 short sword
 f - a +0 long sword
Missiles
 b - 2 poisoned darts
Armour
 a - a +0 robe (melded)
 g - a +0 pair of boots (melded)
Magical Staves
 h - a staff of conjuration


   Skills:
 + Level 3.9 Dodging
 - Level 3.0 Stealth
 + Level 4.6 Spellcasting
 - Level 5.0 Necromancy


You had 11 spell levels left.
You knew the following spells:

 Your Spells              Type           Power      Damage    Failure   Level
a - Pain                  Necr           80%        1d8       1%          1

Your spell library contained the following spells:

 Spells                   Type           Power      Damage    Failure   Level
 Animate Skeleton         Necr           40%        N/A       1%          1
 Vampiric Draining        Necr           10%        2d7       6%          3
 Animate Dead             Necr           10%        N/A       19%         4
 Blink                    Tloc           N/A        N/A       22%         2
 Lesser Beckoning         Tloc           1%         N/A       41%         3
 Agony                    Necr           20%        N/A       47%         5
 Manifold Assault         Tloc           3%         N/A       99%         5


Dungeon Overview and Level Annotations

Branches:
Dungeon (3/15)

Altars:
Cheibriados


Message History

Casting: Pain (safe; 1% risk of failure)
Confirm with . or Enter, or press ? or * to list all spells.
Aiming: Pain (safe; 1% risk of failure)
Press: ? - help, Shift-Dir - straight line, f/p - sky beast
Aim: a sky beast (heavily wounded, chance to affect: 80%)
The sky beast barely resists.
The sky beast flickers out of sight!
Deactivating autopickup; reactivate with Ctrl-A.
Something hits you but does no damage.
Things that are here:
a +0 dagger; a poisoned dart
Items here: ( ) [ ÷.
There is a stone staircase leading down here.
You see here a poisoned dart.
b - 2 poisoned darts (gained 1)
Something hits you. Something shocks you.
* * * LOW HITPOINT WARNING * * *
Found a scroll labelled HAAGHI YVVAX.
There is a strange disturbance nearby!
You see here a poisoned dart.
You see here a coppery potion.
It was a potion of lignification.
You turn into a tree.
Your +0 pair of boots melds into your body.
Your +0 robe melds into your body.
Your roots penetrate the ground.
Something hits you but does no damage.
You cannot move.
You hit something but do no damage. Something hits you but does no damage.
You miss something. Something hits you but does no damage.
You barely miss something. Something hits you but does no damage.
You hit something. Something hits you but does no damage.
You barely miss something. Something hits you.
* * * LOW HITPOINT WARNING * * *
Something shocks you.
* * * LOW HITPOINT WARNING * * *
You miss something. Something hits you but does no damage.
You hit something but do no damage. Something hits you but does no damage.
You miss something. Something hits you but does no damage.
You miss something. Something hits you but does no damage. Something hits you.
* * * LOW HITPOINT WARNING * * *
Something shocks you.
You die...

### #.. ######.##
#....?..# #.......#
#.....♣.# #.....{.#
#.......# #......$# #
#.......#.#
######....#
#.##############.
#.#####....#.....
######>...............


There were no monsters in sight!

Vanquished Creatures
  An orc wizard (D:3)
  An adder (D:2)
  3 worms
  A dart slug (D:3)
  8 orcs (D:3)
  2 endoplasms
  A giant cockroach (D:2)
  4 goblins (D:2)
  3 ball pythons
  A bat (D:3)
  2 frilled lizards
  4 kobolds (D:2)
  4 rats
35 creatures vanquished.

Notes
Turn   | Place    | Note
-------+----------+-------------------------------------------
     0 | D:1      | Rrauwl the Deep Elf Necromancer began the quest for the
                  | Orb.
     0 | D:1      | Reached XP level 1. HP: 10/10 MP: 6/6
     7 | D:1      | You fall into a shaft and drop 1 floor!
   954 | D:2      | Reached skill level 5 in Necromancy
   954 | D:2      | Reached XP level 2. HP: 14/15 MP: 8/8
  1696 | D:3      | Noticed a sky beast
  1731 | D:3      | Reached XP level 3. HP: 18/19 MP: 8/10
  1751 | D:3      | Found a snail-covered altar of Cheibriados.
  2564 | D:3      | Reached XP level 4. HP: 2/24 MP: 6/12
  2968 | D:3      | Slain by a sky beast

Illustrated notes

Levels and vault maps discovered:
D:1:      psy_arrival_terrarium, layout_loops_cross,
          chequers_ecumenical_altar_island, grunt_decor_one_mirror
D:2:      layout_basic, minmay_hexomino_f4
D:3:      layout_basic, kennysheep_slug_shrine,
          nicolae_wu_jian_immortal_techniques, portal_sewer_entry_f

Skill      XL: |  1  2  3 |
---------------+----------+-----
Necromancy     | 5 |  5.0
Dodging        | 3 |  3.9
Stealth        | 3 |  3.0
Spellcasting   | 4 |  4.6

Action                   |  1- 3 |  4- 6 || total
-------------------------+-------+-------++-------
Melee: Unarmed           |    38 |       ||    38
       Whip              |    50 |     9 ||    59
Throw: Dart              |     4 |     2 ||     6
 Cast: Pain              |    33 |     8 ||    41
  Use: Potion            |     3 |     1 ||     4
       Scroll            |     1 |       ||     1
 Stab: Sleeping          |     4 |       ||     4
Armor: Robe              |    15 |     4 ||    19
       Skin              |       |     9 ||     9
Dodge: Dodged            |    62 |     3 ||    65
